 Dungeon Crawl Stone Soup version 0.15-a0-352-ge70f4b7 (webtiles) character file.

2139 sasha the Basher (level 8, -2/62 HPs)
             Began as a Minotaur Gladiator on Apr 29, 2014.
             Was an Initiate of Gozag.
             Slain by a giant frog (3 damage)
             ... on Level 7 of the Dungeon.
             The game lasted 00:09:57 (5437 turns).

sasha the Basher (Minotaur Gladiator)               Turns: 5437, Time: 00:09:57

HP  -2/62        AC  9     Str 21      XL: 8   Next: 75%
MP   3/3         EV  7     Int  5      God:
Gold 417         SH  0     Dex  9 (12) Spells:  0 memorised,  7 levels left

rFire  + . .     SeeInvis .     g - -1,-2 mace of Putrescence {flame, +Rage +Inv rC++}
rCold  + + .     Clarity  .     u - +1 chain mail {rF+}
rNeg   . . .     Conserve .     (no shield)
rPois  .         rCorr    .     c - +0 hat
rElec  .         rRot     .     (no cloak)
SustAb . .       Spirit   .     (no gloves)
rMut   .         Warding  .     (no boots)
Saprov . . .     Stasis   .     (no amulet)
MR     .....                    (no ring)
                                n - ring of invisibility

@: gold lust, not resistant to hostile enchantments, extremely unstealthy
A: retaliatory headbutt, horns 2
a: Potion Petition, Call Merchant, Bribe Branch, Renounce Religion, Evoke
Berserk Rage, Evoke Invisibility


You were on level 7 of the Dungeon.
You worshipped Gozag.
Gozag was noncommittal.
You were not hungry.

You visited 2 branches of the dungeon, and saw 8 of its levels.

You collected 587 gold pieces.

Inventory:

Hand weapons
 a - a +1,+5 mace
 g - the -1,-2 mace of Putrescence (weapon) {flame, +Rage +Inv rC++}
   (You took it off a gnoll on level 6 of the Dungeon)

   It emits flame when wielded, causing extra injury to most foes and up to
   double damage against particularly susceptible opponents.
   It greatly protects you from cold.
   It lets you turn invisible.
   It lets you go berserk.
Missiles
 d - 3 throwing nets (quivered)
Armour
 b - a +0 leather armour
 c - a +0 hat (worn)
 u - a +1 chain mail of fire resistance (worn)
Magical devices
 l - a wand of enslavement (10)
 y - a wand of lightning (1) {unknown}
Comestibles
 B - 2 bread rations
Scrolls
 e - a scroll of enchant weapon II {unknown}
 f - 4 scrolls of identify
 i - 2 scrolls of teleportation {unknown}
 j - a scroll of amnesia {unknown}
 m - a scroll of random uselessness {unknown}
 o - 4 scrolls of remove curse
 p - 2 scrolls of fog {unknown}
 D - a scroll of acquirement {unknown}
 E - a scroll of recharging {unknown}
Jewellery
 n - a ring of invisibility (left hand)
Potions
 h - a potion of haste {unknown}
 k - a potion of poison {unknown}
 q - a potion of invisibility {unknown}
 r - a potion of agility {unknown}
 s - a potion of brilliance {unknown}
 t - a potion of restore abilities {unknown}
 w - a potion of lignification {unknown}
 x - a potion of resistance {unknown}
 z - a potion of might {unknown}
 C - a potion of paralysis {unknown}


   Skills:
 - Level 2.4(3.4) Fighting
 + Level 13.3(14.3) Maces & Flails
 - Level 2.0(3.0) Throwing
 - Level 3.2(4.2) Dodging


You had 7 spell levels left.
You didn't know any spells.

Dungeon Overview and Level Annotations

Branches:
Dungeon (7/15)             Temple (1/1) D:5

Altars:
Ashenzari
Cheibriados
Dithmenos
Elyvilon
Fedhas
Gozag
Kikubaaqudgha
Makhleb
Nemelex Xobeh
Okawaru
Qazlal
Sif Muna
Trog
Xom
Yredelemnul
Zin
The Shining One


Innate Abilities, Weirdness & Mutations

You reflexively headbutt those who attack you in melee.
You have a pair of horns on your head.


Message History

You hit the ogre. You burn the ogre.
The ogre is moderately wounded.
The ogre completely misses you. You furiously retaliate!
You headbutt the ogre!
Your chain mail prevents you from hitting the ogre.
You headbutt the ogre!
The ogre is almost dead.
An orc comes into view. It is wielding a glowing trident.
You hit the ogre. You burn the ogre.
The ogre is almost dead.
The ogre hits you with a giant club!
* * * LOW HITPOINT WARNING * * *
An orc warrior comes into view. It is wielding a mace.
You hit the ogre. You burn the ogre.
You kill the ogre!
The giant frog hits you but does no damage.
Unknown command.
You closely miss the giant frog. Your headbutt misses the giant frog.
The giant frog hits you.
You die...
Your body crumbles into a pile of gold.

####+## . #####.....#
... #...'.....#
.....o###.###.....###
.....coF@.#
#...))((####
......#####
#...).#....# ...
#...).####.## .
#.....# #... #....<#
#### #.....# #.....#
###+###


You could see an orc warrior, a giant frog, a centaur and an orc.

Vanquished Creatures
  A two-headed ogre (D:6)
  Edmund (D:5)
  An ogre (D:7)
  A centaur (D:7)
  4 giant frogs
  2 scorpions
  A goliath beetle (D:6)
  A giant frog zombie (D:6)
  4 orc priests
  3 hounds
  2 jellies
  A quasit (D:6)
  A gnoll shaman (D:5)
  6 orc wizards
  5 worker ants
  Jessica (D:2)
  5 gnolls (D:6)
  8 adders
  A shadow imp (D:6)
  2 giant mites
  2 worms (D:4)
  An adder skeleton (D:4)
  2 giant eyeballs (D:6)
  5 giant geckos
  2 oozes
  13 orcs
  A bat zombie (D:5)
  5 giant cockroaches
  12 hobgoblins
  3 jackals
  2 ball pythons
  17 bats
  A giant gecko skeleton (D:6)
  4 giant newts
  11 goblins
  6 kobolds
  4 quokkas
  8 rats
150 creatures vanquished.

Notes
Turn   | Place    | Note
--------------------------------------------------------------
     0 | D:1      | sasha, the Minotaur Gladiator, began the quest for the Orb.
     0 | D:1      | Reached XP level 1. HP: 18/18 MP: 1/1
    76 | D:1      | Reached skill level 4 in Maces & Flails
   133 | D:1      | Reached XP level 2. HP: 15/25 MP: 1/1
   415 | D:2      | Reached skill level 5 in Maces & Flails
   421 | D:2      | Noticed Jessica
   425 | D:2      | Reached XP level 3. HP: 25/30 MP: 2/2
   429 | D:2      | Killed Jessica
   845 | D:2      | Reached XP level 4. HP: 22/37 MP: 2/2
   928 | D:2      | Reached skill level 6 in Maces & Flails
  1697 | D:3      | Reached XP level 5. HP: 3/42 MP: 2/2
  1697 | D:3      | HP: 2/42 [poisoned by an adder]
  1880 | D:3      | Reached skill level 7 in Maces & Flails
  2399 | D:4      | Found a burning altar of Makhleb.
  2412 | D:4      | Reached skill level 8 in Maces & Flails
  2514 | D:4      | Found a shattered altar of Ashenzari.
  2583 | D:4      | Reached XP level 6. HP: 4/50 MP: 3/3
  3114 | D:5      | Entered Level 5 of the Dungeon
  3144 | D:5      | Found a staircase to the Ecumenical Temple.
  3152 | Temple   | Entered the Ecumenical Temple
  3400 | Temple   | Became a worshipper of Gozag Ym Sagoz the Greedy
  3542 | D:5      | Reached skill level 9 in Maces & Flails
  3735 | D:5      | Found a glowing silver altar of Zin.
  3782 | D:5      | Reached XP level 7. HP: 47/56 MP: 3/3
  3832 | D:5      | Noticed Edmund
  3844 | D:5      | Killed Edmund
  3844 | D:5      | Reached skill level 10 in Maces & Flails
  4059 | D:5      | Found a snail-covered altar of Cheibriados.
  4622 | D:6      | Reached skill level 11 in Maces & Flails
  4873 | D:6      | Paralysed by a giant eyeball for 4 turns
  4880 | D:6      | Paralysed by a giant eyeball for 2 turns
  4931 | D:6      | Reached XP level 8. HP: 62/62 MP: 3/3
  4974 | D:6      | Noticed a two-headed ogre
  4978 | D:6      | Killed a two-headed ogre
  4978 | D:6      | Reached skill level 12 in Maces & Flails
  5118 | D:6      | Got an ichor-stained mace
  5119 | D:6      | Identified the cursed -1,-2 mace of Putrescence {flame, +Rage +Inv rC++} (You took it off a gnoll on level 6 of the Dungeon)
  5373 | D:7      | Found a white marble altar of Elyvilon.
  5377 | D:7      | Found a shimmering altar of Xom.
  5406 | D:7      | Reached skill level 13 in Maces & Flails
  5435 | D:7      | HP: 1/62 [ogre/giant club (12)]
  5437 | D:7      | Slain by a giant frog

Action                   |  1- 3 |  4- 6 |  7- 9 || total
-------------------------+-------+-------+-------++-------
Melee: Flail             |    59 |    76 |       ||   135
       Mace              |       |    77 |   162 ||   239
  Use: Scroll            |       |     3 |     2 ||     5
       Potion            |       |     2 |     3 ||     5
